 Dungeon Crawl Stone Soup version 0.28.0-53-g5a82cb258f (webtiles) character file.

Game seed: 17274303146948811929

97 Zeld the Bolt Thrower (level 4, -8/27 HPs)
             Began as a Gargoyle Hunter on May 26, 2022.
             Mangled by an orc warrior
             ... wielding a +0 flail
              (13 damage)
             ... on level 2 of the Dungeon.
             The game lasted 00:02:37 (2129 turns).

Zeld the Bolt Thrower (Gargoyle Hunter)             Turns: 2129, Time: 00:02:38

Health: -8/27      AC:  6    Str: 18    XL:     4   Next: 68%
Magic:  4/4        EV: 11    Int: 11    God:
Gold:   101        SH:  0    Dex: 10    Spells: 3/3 levels left

rFire   . . .      SeeInvis .   a - +1 hand crossbow
rCold   . . .      Faith    .   (no shield)
rNeg    + . .      Spirit   .   c - +0 leather armour
rPois   ∞          Reflect  .   (no helmet)
rElec   +          Harm     .   (no cloak)
rCorr   .          Rampage  .   (no gloves)
Will    .....                   (no boots)
Stlth   +.........              (no amulet)
HPRegen 0.09/turn               (no ring)
MPRegen 0.09/turn               (no ring)

@: no status effects
A: sickness immunity, AC +3, negative energy resistance 1, electricity
resistance, torment resistance 1, petrification resistance
a: no special abilities


You were on level 2 of the Dungeon.
You visited 1 branch of the dungeon, and saw 3 of its levels.

You collected 101 gold pieces.

Inventory:

Hand Weapons
 a - a +1 hand crossbow (weapon)
Missiles
 d - 2 bolts (quivered ammo)
Armour
 c - a +0 leather armour (worn)
Scrolls
 f - 2 scrolls of teleportation {unknown}
 h - 2 scrolls of vulnerability {unknown}
 j - a scroll of identify {unknown}
 k - a scroll of enchant weapon {unknown}
 l - a scroll of magic mapping {unknown}
 m - a scroll of fog {unknown}
Potions
 b - a potion of magic {unknown}
 e - 2 potions of attraction {unknown}
 g - 2 potions of curing {unknown}
 i - a potion of might {unknown}
 n - a potion of mutation {unknown}


   Skills:
 + Level 2.9 Fighting
 * Level 2.0 Maces & Flails
 * Level 4.7 Crossbows
 + Level 2.1 Dodging
 - Level 1.1 Stealth


You had 3 spell levels left.
You didn't know any spells.
Your spell library was empty.

Dungeon Overview and Level Annotations

Branches:
Dungeon (3/15)

Altars:


Innate Abilities, Weirdness & Mutations

You are immune to sickness and miasma.
Your stone body is resilient. (AC +3)
You are immune to poison.
You resist negative energy. (rN+)
You are resistant to electric shocks. (rElec)
You are resistant to unholy torment.
You are immune to petrification.


Message History

The bolt hits the orc warrior but does no damage.
The orc warrior is heavily wounded.
You shoot a bolt. The bolt barely misses the orc warrior.
The orc warrior hits you with a +0 flail! x2
You are too injured to fight recklessly!
You see here 19 stones.
You see here a hobgoblin skeleton.
The orc priest calls upon Beogh to heal the orc warrior.
The orc warrior is healed somewhat.
A ball python comes into view.
The ball python hisses angrily.
Really attack while wielding your +1 hand crossbow?
Okay, then.
You are too injured to fight recklessly!
You don't know any spells.
Unknown command.
Fire: 4 bolts
Press: ? - help, Shift-Dir - straight line, f - ball python, p - orc warrior
Aim: a ball python (61% to hit)
You shoot a bolt. The bolt hits the ball python!
You kill the ball python!
The orc warrior hits you with a +0 flail.
Unknown command.
Things that are here:
a bolt; a ball python corpse The orc shouts!
The orc priest begins to cast a cantrip, but forgets the words!
There is a stone staircase leading up here.
The orc warrior hits you but does no damage.
You climb upwards.
There is a stone staircase leading down here.
Fire: 3 bolts
Press: ? - help, Shift-Dir - straight line, f - orc warrior
Aim: an orc warrior, wielding a +0 flail and wearing a +0 plate armour (moderately wounded, 64% to hit)
You shoot a bolt. The bolt hits the orc warrior!
The orc warrior is heavily wounded.
The orc warrior hits you with a +0 flail.
* * * LOW HITPOINT WARNING * * *
The orc warrior hits you with a +0 flail!
You die...

#.......## ##...#
.........####...##
.........'.......#
.........####..>####
#.......## ##.....#
##.....## #[....#
##...## #.....#
##+#########..o..#
#.#.......#..@..#
#.#.#####.###.###
##..........##.#
###....#####..##.#
..........##..##.#
###....##.##..##.# #
##...##.##..##.# #
##[.##........# #
#.........####


You could see an orc warrior.

Vanquished Creatures
  5 adders
  A worm (D:2)
  2 dart slugs
  5 bats (D:1)
  3 endoplasms
  A giant cockroach (D:3)
  4 goblins
  5 hobgoblins
  3 quokkas
  9 ball pythons
  2 frilled lizards
  3 kobolds
  4 rats
47 creatures vanquished.

Notes
Turn   | Place    | Note
-------+----------+-------------------------------------------
     0 | D:1      | Zeld the Gargoyle Hunter began the quest for the Orb.
     0 | D:1      | Reached XP level 1. HP: 12/12 MP: 1/1
   106 | D:1      | Reached XP level 2. HP: 17/17 MP: 2/2
   301 | D:1      | Reached skill level 1 in Maces & Flails
   779 | D:1      | Found a faded altar of an unknown god.
   899 | D:2      | Reached XP level 3. HP: 22/22 MP: 3/3
  1473 | D:2      | Reached XP level 4. HP: 27/27 MP: 4/4
  1809 | D:3      | Noticed an orc warrior
  2129 | D:2      | Mangled by an orc warrior

Illustrated notes

Levels and vault maps discovered:
D:1:      lightli_arrival_windingriver, layout_basic,
          hellmonk_ecumenical_altar_inner_sanctum, minmay_fountain_box
D:2:      layout_loops_corners
D:3:      layout_loops_ring

Skill      XL: |  1  2  3  4 |
---------------+-------------+-----
Maces & Flails | 1 2 |  2.0
Dodging        | 2 |  2.1
Fighting       | |  2.9
Crossbows      | |  4.7
Stealth        | |  1.1

Action                   |  1- 3 |  4- 6 || total
-------------------------+-------+-------++-------
 Fire: Hand crossbow     |    69 |    34 ||   103
Armor: Leather armour    |    12 |     1 ||    13
Dodge: Dodged            |     9 |       ||     9
